 Dungeon Crawl Stone Soup version 0.28.0-43-g3370ac3207 (webtiles) character file.

Game seed: 830217486195175800

46 Revguard the Slasher (level 3, -2/28 HPs)
             Began as a Demonspawn Gladiator on Mar 9, 2022.
             Slain by an orc
             ... wielding a +0 flail
              (7 damage)
             ... on level 3 of the Dungeon.
             The game lasted 00:02:30 (1307 turns).

Revguard the Slasher (Demonspawn Gladiator)         Turns: 1307, Time: 00:02:30

Health: -2/28      AC:  4    Str: 16    XL:     3   Next: 44%
Magic:  3/3        EV: 12    Int:  9    God:
Gold:   132        SH:  0    Dex: 14    Spells: 2/2 levels left

rFire   . . .      SeeInvis .   a - +0 long sword
rCold   . . .      Faith    .   (no shield)
rNeg    . . .      Spirit   .   b - +0 leather armour
rPois   .          Reflect  .   c - +0 helmet
rElec   .          Harm     .   (no cloak)
rCorr   .          Rampage  .   (no gloves)
Will    .....                   (no boots)
Stlth   +.........              (no amulet)
HPRegen 0.09/turn               (no ring)
MPRegen 0.08/turn               (no ring)

@: no status effects
A: hooves 1
a: no special abilities


You were on level 3 of the Dungeon.
You visited 1 branch of the dungeon, and saw 3 of its levels.

You collected 132 gold pieces.

Inventory:

Hand Weapons
 a - a +0 long sword (weapon)
Missiles
 d - 3 throwing nets (quivered)
Armour
 b - a +0 leather armour (worn)
 c - a +0 helmet (worn)
Scrolls
 g - a scroll of acquirement {unknown}
 j - 2 scrolls of vulnerability {unknown}
Potions
 e - a potion of cancellation
 f - a potion of flight
 h - a potion of heal wounds
 i - a potion of degeneration {unknown}


   Skills:
 + Level 2.4 Fighting
 + Level 3.0 Long Blades
 - Level 1.7 Throwing
 * Level 1.6 Armour
 + Level 3.0 Dodging


You had 2 spell levels left.
You didn't know any spells.
Your spell library contained the following spells:

 Spells                   Type           Power      Damage    Failure   Level
 Summon Guardian Golem    Hex/Summ       0%         N/A       83%         3
 Orb of Destruction       Conj           0%         9d5       100%        7
 Spellforged Servitor     Conj/Summ      0%         N/A       100%        7


Dungeon Overview and Level Annotations

Branches:
Dungeon (2/15)

Altars:


Innate Abilities, Weirdness & Mutations

You have large cloven feet.


Message History

A frilled lizard comes into view.
The frilled lizard hisses angrily.
There is an escape hatch in the ceiling here.
You closely miss the frilled lizard. Your kick misses the frilled lizard.
The frilled lizard bites you. The frilled lizard barely misses you.
You closely miss the frilled lizard. Your kick misses the frilled lizard.
The frilled lizard closely misses you.
You barely miss the frilled lizard. Your kick misses the frilled lizard.
The frilled lizard closely misses you.
You hit the frilled lizard but do no damage.
Your kick misses the frilled lizard.
The frilled lizard hisses.
The frilled lizard bites you.
You hit the frilled lizard.
You kill the frilled lizard!
Found 20 stones.
An orc comes into view. It is wielding a +0 flail.
The orc shouts!
You hear a shout! x2; You hear an angry hiss.
An orc comes into view. It is wielding a +0 flail.
An orc comes into view. It is wielding a +0 trident.
The orc shouts!
An adder comes into view.
Found a stone staircase leading down.
You closely miss the adder. You kick the adder.
The adder is heavily wounded.
The adder barely misses you. x2
You hit the adder.
You kill the adder!
The orc hits you with a +0 flail.
You closely miss the orc. The orc misses you. The orc hits you with a +0 flail!
You barely miss the orc. You kick the orc.
The orc is lightly wounded.
The orc hits you from afar with a +0 trident.
The orc closely misses you. The orc misses you.
You closely miss the orc. You kick the orc, but do no damage.
The orc is lightly wounded.
The orc hits you with a +0 flail!
* * * LOW HITPOINT WARNING * * *
The orc hits you with a +0 flail!
You die...

##.## #..#
##.# #<.###
#....#
#....#
#....#
#....# #
###.@# .#
..#####o##
#.
#...(..oo# .
#.#.##.#.#.#
#.#.#.#
#.#...#
#.....#
####..#
.....


You could see 3 orcs.

Vanquished Creatures
  An adder (D:3)
  A worm (D:3)
  A dart slug (D:1)
  3 ball pythons
  3 bats
  3 endoplasms (D:1)
  4 giant cockroaches (D:1)
  A goblin (D:1)
  5 hobgoblins
  A kobold (D:3)
  2 quokkas (D:1)
  2 frilled lizards (D:3)
27 creatures vanquished.

Notes
Turn   | Place    | Note
-------+----------+-------------------------------------------
     0 | D:1      | Revguard the Demonspawn Gladiator began the quest for the
                  | Orb.
     0 | D:1      | Reached XP level 1. HP: 16/16 MP: 1/1
   286 | D:1      | Gained mutation: You have large cloven feet. [demonic
                  | ancestry]
   286 | D:1      | Reached XP level 2. HP: 22/22 MP: 2/2
   503 | D:1      | Reached skill level 1 in Armour
   927 | D:2      | You are sucked into a shaft and drop 1 floor!
  1058 | D:3      | Reached XP level 3. HP: 28/28 MP: 3/3
  1307 | D:3      | Slain by an orc

Illustrated notes

Levels and vault maps discovered:
D:1:      dpeg_arrival_prison, layout_basic, minmay_tetromino_i4
D:2:      kennysheep_the_goblin_king, layout_rooms, basic_altar,
          shapermc_ecumenical_altar_acropolis
D:3:      layout_basic, ebering_ghost_disaster_area, uniq_pargi

Skill      XL: |  1  2  3 |
---------------+----------+-----
Armour         | 1 |  1.6
Long Blades    | 3 |  3.0
Dodging        | 3 |  3.0
Fighting       | |  2.4
Throwing       | |  1.7

Action                   || total
-------------------------++-------
Melee: Long sword        ||    70
       Kick              ||    10
  Use: Scroll            ||     2
       Potion            ||     1
 Stab: Distracted        ||     1
Armor: Leather armour    ||    21
Dodge: Dodged            ||    48
